 Dungeon Crawl Stone Soup version 0.31.0-10-gcf4a605ca0 (webtiles) character file.

Game seed: 15651743867214253260

1027 DocClef the Shield-Bearer (level 8, -4/64 (67) HPs)
             Began as a Gnoll Fighter on Jan 25, 2024.
             Was a Follower of Okawaru.
             Slain by a wight
             ... wielding a +0 battleaxe
              (9 damage)
             ... on level 7 of the Dungeon.
             The game lasted 00:08:19 (4840 turns).

DocClef the Shield-Bearer (Gnoll Fighter)           Turns: 4840, Time: 00:08:19

HP:   -4/64 (67)    AC: 10    Str: 18    XL:     8   Next: 23%
MP:   0/12          EV: 10    Int:  7    God:    Okawaru [*.....]
Gold: 392           SH:  5    Dex: 12    Spells: 13/13 levels left

rFire   . . .        a - +0 flail
rCold   . . .        c - +0 buckler
rNeg    . . .        b - +0 scale mail
rPois   +            e - +0 helmet
rElec   .            u - +0 cloak
rCorr   .            (no gloves)
SInv    .            (no boots)
Will    .....        q - amulet of guardian spirit
Stlth   +            x - ring of poison resistance
HPRegen 0.30/turn    (no ring)
MPRegen 0.13/turn

%: guardian spirit
@: mighty, lightly drained
A: fangs 1, strong nose, distributed training
a: Renounce Religion, Heroism


You were on level 7 of the Dungeon.
You worshipped Okawaru.
Okawaru was aware of your devotion.
You visited 2 branches of the dungeon, and saw 8 of its levels.

You collected 392 gold pieces.

Inventory:

Hand Weapons
 a - a +0 flail (weapon)
Armour
 b - a +0 scale mail (worn)
 c - a +0 buckler (worn)
 e - a +0 helmet (worn)
 u - a +0 cloak (worn)
Jewellery
 q - an amulet of guardian spirit (around neck)
 s - a ring of flight
 x - a ring of poison resistance (left hand)
Wands
 r - a wand of iceblast (16)
 w - a wand of light (7)
Scrolls
 f - a scroll of revelation {unknown}
 g - a scroll of amnesia {unknown}
 h - 8 scrolls of identify {unknown}
 i - a scroll of summoning {unknown}
 j - 3 scrolls of teleportation {unknown}
 n - a scroll of enchant weapon {unknown}
 p - 2 scrolls of vulnerability {unknown}
 t - a scroll of fear {unknown}
 v - a scroll of enchant armour {unknown}
 y - a scroll of immolation {unknown}
Potions
 d - 2 potions of might
 k - 2 potions of invisibility {unknown}
 l - 2 potions of haste {unknown}
 m - a potion of brilliance {unknown}
 o - a potion of berserk rage {unknown}
 z - 2 potions of heal wounds {unknown}
 A - a potion of curing {unknown}
 B - a potion of resistance {unknown}


   Skills:
 + Level 7.3 Fighting
 + Level 3.2 Short Blades
 + Level 3.2 Long Blades
 + Level 3.2 Axes
 + Level 5.6 Maces & Flails
 + Level 3.2 Polearms
 + Level 3.2 Staves
 + Level 3.2 Ranged Weapons
 + Level 3.2 Throwing
 + Level 7.3 Armour
 + Level 3.2 Dodging
 + Level 3.2 Stealth
 + Level 7.3 Shields
 + Level 3.2 Unarmed Combat
 + Level 3.2 Spellcasting
 + Level 2.6 Conjurations
 + Level 2.6 Hexes
 + Level 2.6 Summonings
 + Level 2.6 Necromancy
 + Level 2.6 Translocations
 + Level 2.6 Fire Magic
 + Level 2.6 Ice Magic
 + Level 2.6 Air Magic
 + Level 2.6 Earth Magic
 + Level 2.6 Alchemy
 + Level 3.5 Invocations
 + Level 3.2 Evocations
 + Level 2.9 Shapeshifting


You had 13 spell levels left.
You didn't know any spells.
Your spell library contained the following spells:

 Spells                   Type           Power      Damage    Failure   Level
 Cigotuvi's Dreadful Rot  Necr/Alch/Air  8%         N/A       52%         2
 Ignite Poison            Fire/Alch      4%         N/A       98%         4
 Freezing Cloud           Conj/Ice/Air   2%         6-21      100%        5


Dungeon Overview and Level Annotations

Branches:
Dungeon (7/15)             Temple (1/1) D:5

Altars:
Ashenzari
Cheibriados
Dithmenos
Fedhas
Gozag
Kikubaaqudgha
Makhleb
Nemelex Xobeh
Okawaru
Qazlal
Ru
Sif Muna
Trog
Uskayaw
Wu Jian
Xom
Yredelemnul
Zin

Annotations:
D:3 1 runed translucent door, Crazy Yiuf


Innate Abilities, Weirdness & Mutations

You have very sharp teeth.
Your uncanny sense of smell can sniff out nearby items.
Your experience applies equally to all skills.


Message History

You feel very sick. Duvessa hits you but does no damage.
The wight hits you but does no damage. The ogre closely misses you.
You block Duvessa's attack.
You sock Duvessa!
You kill Duvessa!
Okawaru accepts your kill.
You can now gain great but temporary skills.
You hear a distant wail of despair.
You feel sick. The wight barely misses you. The wight misses you.
The ogre hits you with a +0 giant club!!
You feel sick. The wight attacks as it pursues you!
The wight hits you with a +0 dagger of electrocution.
You feel sick.
You feel sick.
You feel sick.
You feel sick. You block the wight's attack.
There is a stone staircase leading down here.
You feel sick.
You are no longer poisoned.
The ogre barely misses you.
You climb downwards.
The hound barks!
Found a stone staircase leading down and a stone staircase leading up.
There is a stone staircase leading up here.
You feel very mighty all of a sudden.
The ogre hits you with a +0 giant club!!
* * * LOW HITPOINT WARNING * * *
The wight barely misses you.
You barely miss the ogre. You bite the ogre!
The ogre is moderately wounded.
The wight hits you with a +0 battleaxe!
* * * LOW HITPOINT WARNING * * *
You feel drained.
* * * LOW HITPOINT WARNING * * *
You sock the ogre!
The ogre is severely wounded.
The ogre barely misses you.
A black bear comes into view.
The wight hits you with a +0 battleaxe!
You die...

........ .
### .....h.
..#...#.....
......#....
......#...
#......
#...hz# #@#
#O# #.# ..#
.<# ....
...#∆ #####


You could see a black bear (wandering), an ogre, a hound and a wight.

Vanquished Creatures
  Duvessa (D:6)
  2 black bears (D:5)
  An ogre (D:5)
  2 scorpions
  A bombardier beetle (D:3)
  An orc priest (D:5)
  A hound (D:5)
  4 iguanas
  An orc wizard (D:5)
  7 gnolls (D:5)
  14 adders
  5 ribbon worms
  3 dart slugs
  16 orcs
  7 bats
  9 endoplasms
  3 giant cockroaches
  6 hobgoblins
  2 jackals (D:1)
  4 kobolds
  2 quokkas (D:4)
  7 ball pythons
  4 frilled lizards
  7 goblins
  4 rats
114 creatures vanquished.

Vanquished Creatures (others)
  An arcanist (D:4)
1 creature vanquished.

Grand Total: 115 creatures vanquished

Notes
Turn   | Place    | Note
-------+----------+-------------------------------------------
     0 | D:1      | DocClef the Gnoll Fighter began the quest for the Orb.
     0 | D:1      | Reached XP level 1. HP: 23/23 MP: 1/1
   443 | D:1      | Reached XP level 2. HP: 29/29 MP: 2/2
   861 | D:1      | Reached XP level 3. HP: 35/35 MP: 3/3
  1065 | D:2      | Reached skill level 1 in Invocations
  1144 | D:2      | Reached skill level 1 in Short Blades
  1144 | D:2      | Reached skill level 1 in Long Blades
  1144 | D:2      | Reached skill level 1 in Axes
  1144 | D:2      | Reached skill level 1 in Polearms
  1144 | D:2      | Reached skill level 1 in Staves
  1144 | D:2      | Reached skill level 1 in Ranged Weapons
  1144 | D:2      | Reached skill level 1 in Throwing
  1144 | D:2      | Reached skill level 1 in Dodging
  1144 | D:2      | Reached skill level 1 in Stealth
  1144 | D:2      | Reached skill level 1 in Unarmed Combat
  1144 | D:2      | Reached skill level 1 in Spellcasting
  1144 | D:2      | Reached skill level 1 in Evocations
  1174 | D:2      | Found a faded altar of an unknown god.
  1451 | D:2      | Reached skill level 1 in Shapeshifting
  1451 | D:2      | Reached XP level 4. HP: 37/41 MP: 5/5
  1628 | D:2      | Reached skill level 1 in Conjurations
  1628 | D:2      | Reached skill level 1 in Hexes
  1628 | D:2      | Reached skill level 1 in Summonings
  1628 | D:2      | Reached skill level 1 in Necromancy
  1628 | D:2      | Reached skill level 1 in Translocations
  1628 | D:2      | Reached skill level 1 in Fire Magic
  1628 | D:2      | Reached skill level 1 in Ice Magic
  1628 | D:2      | Reached skill level 1 in Air Magic
  1628 | D:2      | Reached skill level 1 in Earth Magic
  1628 | D:2      | Reached skill level 1 in Alchemy
  1709 | D:3      | Reached XP level 5. HP: 47/47 MP: 5/7
  2050 | D:3      | Found a runed translucent door.
  2051 | D:3      | Noticed Crazy Yiuf
  2255 | D:4      | Found a bloodstained altar of Trog.
  2417 | D:4      | Reached XP level 6. HP: 53/53 MP: 8/8
  2517 | D:4      | Found a blossoming altar of Fedhas.
  2766 | D:4      | Reached skill level 5 in Maces & Flails
  2979 | D:4      | Noticed a wizard
  2982 | D:4      | Killed a wizard
  3040 | D:5      | Entered Level 5 of the Dungeon
  3085 | D:5      | Noticed a black bear
  3093 | D:5      | Killed a black bear
  3263 | D:5      | Reached XP level 7. HP: 14/60 MP: 2/10
  4196 | D:5      | Found a staircase to the Ecumenical Temple.
  4219 | Temple   | Entered the Ecumenical Temple
  4225 | Temple   | Became a worshipper of Warmaster Okawaru
  4311 | D:5      | Reached XP level 8. HP: 65/67 MP: 12/12
  4622 | D:6      | Noticed Duvessa
  4705 | D:6      | Found a basalt altar of Yredelemnul.
  4830 | D:6      | Killed Duvessa
  4830 | D:6      | Reached * piety under Okawaru
  4840 | D:7      | Slain by a wight

Illustrated notes

Levels and vault maps discovered:
D:1:      dpeg_arrival_round_b, layout_loops_corners
D:2:      layout_rooms, shapermc_ecumenical_altar_ellora
D:3:      layout_rooms, nicolae_wormholes, uniq_crazy_yiuf_cottage
D:4:      layout_rooms, trog_wizard, nicolae_overflow_crystal_walls,
          st_stairs_11, minmay_statues_item
D:5:      layout_layer_cave, minmay_temple_entry_nine_rooms,
          serial_library_hellmonk_long_bookcase, corexii_shack
D:6:      layout_cave_pools, nicolae_hepliaklqana_hazy_memory,
          yredelemnul_altar_generic, uniq_duvessa, uniq_sigmund
D:7:      layout_basic, serial_shops, nicolae_shop_rolling_square,
          kennysheep_generic_room_7
Temple:   minmay_freezing_vapour_temple

Skill      XL: |  1  2  3  4  5  6  7 |
---------------+----------------------+-----
Invocations    | 1 2 3 |  3.5
Short Blades   | 1 2 3 |  3.2
Long Blades    | 1 2 3 |  3.2
Axes           | 1 2 3 |  3.2
Polearms       | 1 2 3 |  3.2
Staves         | 1 2 3 |  3.2
Ranged Weapons | 1 2 3 |  3.2
Throwing       | 1 2 3 |  3.2
Dodging        | 1 2 3 |  3.2
Stealth        | 1 2 3 |  3.2
Unarmed Combat | 1 2 3 |  3.2
Spellcasting   | 1 2 3 |  3.2
Evocations     | 1 2 3 |  3.2
Shapeshifting  | 1 2 |  2.9
Conjurations   | 1 2 |  2.6
Hexes          | 1 2 |  2.6
Summonings     | 1 2 |  2.6
Necromancy     | 1 2 |  2.6
Translocations | 1 2 |  2.6
Fire Magic     | 1 2 |  2.6
Ice Magic      | 1 2 |  2.6
Air Magic      | 1 2 |  2.6
Earth Magic    | 1 2 |  2.6
Alchemy        | 1 2 |  2.6
Maces & Flails | 5 |  5.6
Fighting       | 7 |  7.3
Armour         | 7 |  7.3
Shields        | 7 |  7.3

Action                     |  1- 3 |  4- 6 |  7- 9 || total
---------------------------+-------+-------+-------++-------
  Melee: Flail             |    96 |   240 |   128 ||   464
         Bite              |     9 |    21 |    23 ||    53
  Throw: Throwing net      |       |     1 |       ||     1
    Use: Potion            |       |       |     1 ||     1
 Armour: Scale mail        |    65 |   155 |    93 ||   313
  Dodge: Dodged            |    44 |   120 |    73 ||   237
  Block: Buckler           |    38 |    41 |    33 ||   112
